 Dungeon Crawl Stone Soup version 0.30-a0-210-g01b79a254e (webtiles) character file.

Game seed: 13562149840698486658

4776 themarg the Martial Artist (level 10, -6/76 HPs)
             Began as a Gnoll Transmuter on Oct 4, 2022.
             Was a Priest of Qazlal.
             Mangled by a vampire
             ... wielding a +2 vampiric halberd
              (12 damage)
             ... in a bailey.
             The game lasted 00:37:09 (9188 turns).

themarg the Martial Artist (Gnoll Transmuter)       Turns: 9188, Time: 00:37:09

Health: -6/76      AC:  2    Str:  9    XL:     10   Next: 47%
Magic:  0/21       EV: 24    Int: 18    God:    Qazlal [***...]
Gold:   414        SH:  4    Dex: 17    Spells: 18/24 levels left

rFire   . . .      SeeInvis .      - Unarmed
rCold   . . .      Faith    .    (shield currently unavailable)
rNeg    . . .      Spirit   +    (body armour currently unavailable)
rPois   .          Reflect  .    (helmet currently unavailable)
rElec   .          Harm     .    (cloak currently unavailable)
rCorr   .          Rampage  .    (gloves currently unavailable)
Will    +....                    (boots currently unavailable)
Stlth   ++........               C - amulet of guardian spirit
HPRegen 0.32/turn                i - ring of willpower
MPRegen 0.17/turn                y - ring of poison resistance

@: spider-form
A: venomous fangs, tiny, (fangs 1), strong nose, distributed training
a: End Transformation, Renounce Religion, Upheaval, Elemental Force


You were in a bailey.
You worshipped Qazlal.
Qazlal was most pleased with you.
You were a venomous arachnid creature.
You visited 1 branch of the dungeon, and saw 9 of its levels.
You also visited: Bailey.

You collected 450 gold pieces.
You spent 36 gold pieces at shops.

Inventory:

Hand Weapons
 k - a +0 dagger of venom
 n - a +0 mace
 L - a +4 spear of freezing
 N - a +4 falchion of electrocution (melded)
Missiles
 e - 6 atropa-tipped darts
 l - 23 poisoned darts
 J - 2 throwing nets
Armour
 a - a +0 robe (melded)
 j - a +0 pair of boots (melded)
 B - the +0 pair of gloves "Inikk" (melded) {-Tele Str+6 Dex+8 SInv}
   (You found it on level 4 of the Dungeon)

   Str:       It affects your strength (+6).
   Dex:       It affects your dexterity (+8).
   SInv:      It lets you see invisible.
   -Tele:     It prevents most forms of teleportation.
 I - a +1 cloak (melded)
Magical Staves
 p - a staff of air
Jewellery
 f - an amulet of faith
 i - a ring of willpower (left front leg)
 y - a ring of poison resistance (right front leg)
 C - an amulet of guardian spirit (around neck)
 Q - a ring of resist corrosion
Wands
 t - a wand of roots (4)
 O - a wand of charming (6)
Scrolls
 c - a scroll of silence {unknown}
 h - a scroll of acquirement {unknown}
 o - 2 scrolls of fear
 s - 2 scrolls of vulnerability
 u - 2 scrolls of enchant weapon
 w - 2 scrolls of teleportation
 E - a scroll of poison {unknown}
 F - a scroll of magic mapping {unknown}
 G - a scroll of amnesia {unknown}
 H - a scroll of enchant armour {unknown}
 K - a scroll of fog {unknown}
Potions
 b - 2 potions of lignification
 d - 5 potions of invisibility {unknown}
 g - 2 potions of mutation {unknown}
 q - 3 potions of curing
 r - a potion of resistance {unknown}
 v - 4 potions of attraction {unknown}
 x - 5 potions of might {unknown}
 z - 2 potions of degeneration {unknown}
 A - a potion of brilliance {unknown}
 D - a potion of berserk rage {unknown}
 M - a potion of flight {unknown}
 P - a potion of haste {unknown}


   Skills:
 + Level 6.1 Fighting
 + Level 5.5 Short Blades
 + Level 5.5 Long Blades
 + Level 5.5 Axes
 + Level 5.5 Maces & Flails
 + Level 5.5 Polearms
 + Level 5.5 Staves
 + Level 5.5 Ranged Weapons
 + Level 5.5 Throwing
 + Level 5.5 Armour
 + Level 7.2 Dodging
 + Level 5.5 Stealth
 + Level 5.5 Shields
 + Level 8.6 Unarmed Combat
 + Level 7.5 Spellcasting
 + Level 4.5 Conjurations
 + Level 4.5 Hexes
 + Level 4.5 Summonings
 + Level 4.5 Necromancy
 + Level 4.5 Translocations
 + Level 6.0 Transmutations
 + Level 4.5 Fire Magic
 + Level 4.5 Ice Magic
 + Level 4.5 Air Magic
 + Level 4.5 Earth Magic
 + Level 4.5 Poison Magic
 + Level 6.0 Invocations
 + Level 5.5 Evocations


You had 18 spell levels left.
You knew the following spells:

 Your Spells              Type           Power      Damage    Failure   Level
a - Beastly Appendage     Tmut           56%        N/A       4%          1
b - Wereblood             Tmut           28%        N/A       6%          2
c - Spider Form           Tmut/Pois      25%        N/A       12%         3

Your spell library contained the following spells:

 Spells                   Type           Power      Damage    Failure   Level
 Apportation              Tloc           46%        N/A       7%          1
 Necrotise                Necr           92%        1d8       7%          1
 Shock                    Conj/Air       92%        1d8       7%          1
 Summon Small Mammal      Summ           92%        N/A       7%          1
 Passwall                 Tmut/Erth      20%        N/A       8%          2
 Ensorcelled Hibernation  Hex/Ice        46%        N/A       9%          2
 Sublimation of Blood     Necr           23%        N/A       9%          2
 Inner Flame              Hex/Fire       23%        N/A       14%         3
 Kindle Blastsparks       Fire/Tloc/Air  46%        2d13      14%         3
 Swiftness                Air            23%        N/A       14%         3
 Ice Form                 Ice/Tmut       25%        N/A       28%         4
 Airstrike                Air            11%        2d(2-18)  34%         4
 Flame Wave               Conj/Fire      23%        2d8       34%         4
 Fulminant Prism          Conj/Hex       11%        3d9       34%         4
 Iskenderun's Mystic Bla  Conj/Tloc      23%        2d6       34%         4
 Sticky Flame             Conj/Fire      23%        2d4       34%         4
 Lee's Rapid Deconstruct  Erth           11%        3d9*      63%         5
 Summon Hydra             Summ           11%        N/A       100%        7


Dungeon Overview and Level Annotations

Branches:
Dungeon (9/15)             Temple (0/1) D:5            Lair (0/5) D:8
 Bailey (1/1)
    Orc: D:9-12

Altars:
Gozag
Okawaru
Qazlal
Vehumet
Xom

Shops:
D:2 (([*

Annotations:
D:8 6 exclusions


Innate Abilities, Weirdness & Mutations

You are a venomous arachnid creature.
You have poisonous fangs.
You are tiny and dextrous.
Your spellcasting is less reliable in this form.
Your armour is entirely melded.
You are incapable of wielding weapons or throwing items.
((You have very sharp teeth.))
Your uncanny sense of smell can sniff out nearby items.
Your experience applies equally to all skills.


Message History

You hit something but do no damage. Something hits you! Something bites you.
Something draws strength from your injuries!
You hit something but do no damage. You block something's attack.
Something bites you!
Something draws strength from your injuries!
You bite something! You block something's attack. Something closely misses you.
You hit something but do no damage. Something closely misses you. x2
You hit something but do no damage. You closely miss something.
Something hits you! You block something's attack.
You hit something but do no damage. Something closely misses you.
Something bites you!
Something draws strength from your injuries!
You bite something! Something draws life force from you!
* * * LOW HITPOINT WARNING * * *
Aiming: Fastroot
Press: ? - help, Shift-Dir - straight line, f - you The roots erupt in riotous growth!
Your transformation has ended.
Your +4 falchion of electrocution unmelds from your body.
Your +1 cloak unmelds from your body.
The +0 pair of gloves "Inikk" {-Tele Str+6 Dex+8 SInv} unmelds from your body.
Your +0 pair of boots unmelds from your body.
Your +0 robe unmelds from your body.
You hear the crackle of electricity.
Reactivating autopickup.
The vampire is engulfed in freezing vapours.
The vampire draws life force from you!
* * * LOW HITPOINT WARNING * * *
The vampire is healed by the life force!
Casting: Spider Form (dangerous; 3% risk of failure)
Confirm with . or Enter, or press ? or * to list all spells.
You turn into a venomous arachnid creature.
Your +4 falchion of electrocution melds into your body.
Your +1 cloak melds into your body.
The +0 pair of gloves "Inikk" {-Tele Str+6 Dex+8 SInv} melds into your body.
Your +0 pair of boots melds into your body.
Your +0 robe melds into your body.
Your +4 falchion of electrocution stops crackling.
Something barely misses you. Something bites you!
You die...

#### ##.[! ##=[. ∆∆##
#8.. 8# #.{# ..#
#############.s## #..#
#..#8......8#...##...#
#..#8.......##......#
#))#######...##....##
#..#8....##...##''###
####'#......#.........#
#....#.....).........8#
#....#...#....#########
#....'...##..##......#


There were no monsters in sight!

Vanquished Creatures
  A gargoyle (Bailey)
  Psyche (D:8)
  Sigmund (D:6)
  3 yaks (D:9)
  Eustachio (D:5)
  2 steam dragons (D:8)
  3 water moccasins
  A black bear (D:7)
  4 ice beasts
  An ogre (D:5)
  3 kobold brigands
  A bullfrog (D:6)
  A gnoll sergeant (D:6)
  A scorpion (D:5)
  4 killer bees (D:9)
  6 vampire bats (Bailey)
  5 howler monkeys
  8 wolf zombies (Bailey)
  4 orc priests
  7 hounds
  Crazy Yiuf (D:5)
  2 iguanas
  A gnoll bouda (D:6)
  Natasha (thrice) (D:2)
  6 orc wizards
  Robin (D:2)
  11 gnolls (D:6)
  9 adders
  A shadow imp (D:7)
  2 white imps
  An ufetubus (D:4)
  2 worms
  3 dart slugs
  23 orcs
  9 ball pythons
  7 bats
  3 endoplasms
  15 goblins
  7 hobgoblins
  11 jackals
  11 kobolds
  4 quokkas
  4 frilled lizards
  16 orc zombies (Bailey)
  6 rats
217 creatures vanquished.

Vanquished Creatures (others)
  An orc wizard (D:7)
  A goblin (D:8)
  A quokka (D:2)
  2 plants (D:2)
5 creatures vanquished.

Grand Total: 222 creatures vanquished

Notes
Turn   | Place    | Note
-------+----------+-------------------------------------------
     0 | D:1      | themarg the Gnoll Transmuter began the quest for the Orb.
     0 | D:1      | Reached XP level 1. HP: 17/17 MP: 6/6
   163 | D:1      | Reached XP level 2. HP: 23/23 MP: 5/7
   166 | D:1      | Learned a level 2 spell: Wereblood
   640 | D:1      | Reached skill level 5 in Spellcasting
   640 | D:1      | Reached XP level 3. HP: 27/28 MP: 6/9
   668 | D:1      | Learned a level 3 spell: Spider Form
  1191 | D:2      | Found Beacatu's Weapon Shop.
  1198 | D:2      | Reached skill level 1 in Invocations
  1353 | D:2      | Reached skill level 1 in Short Blades
  1353 | D:2      | Reached skill level 1 in Long Blades
  1353 | D:2      | Reached skill level 1 in Axes
  1353 | D:2      | Reached skill level 1 in Maces & Flails
  1353 | D:2      | Reached skill level 1 in Polearms
  1353 | D:2      | Reached skill level 1 in Staves
  1353 | D:2      | Reached skill level 1 in Ranged Weapons
  1353 | D:2      | Reached skill level 1 in Throwing
  1353 | D:2      | Reached skill level 1 in Armour
  1353 | D:2      | Reached skill level 1 in Stealth
  1353 | D:2      | Reached skill level 1 in Shields
  1353 | D:2      | Reached skill level 1 in Evocations
  1377 | D:2      | Noticed Robin
  1390 | D:2      | Killed Robin
  1391 | D:2      | Reached XP level 4. HP: 26/34 MP: 7/11
  1455 | D:2      | Reached skill level 1 in Conjurations
  1455 | D:2      | Reached skill level 1 in Hexes
  1455 | D:2      | Reached skill level 1 in Summonings
  1455 | D:2      | Reached skill level 1 in Necromancy
  1455 | D:2      | Reached skill level 1 in Translocations
  1455 | D:2      | Reached skill level 1 in Fire Magic
  1455 | D:2      | Reached skill level 1 in Ice Magic
  1455 | D:2      | Reached skill level 1 in Air Magic
  1455 | D:2      | Reached skill level 1 in Earth Magic
  1455 | D:2      | Reached skill level 1 in Poison Magic
  1460 | D:2      | Found Zujaoj's Antique Armour Shoppe.
  1483 | D:2      | Found Tuikookk's General Store.
  1492 | D:2      | Bought a potion of curing for 36 gold pieces
  1554 | D:2      | Found Qeos's Antique Weapon Emporium.
  1554 | D:2      | Noticed Natasha
  1558 | D:2      | Killed Natasha
  1579 | D:2      | Noticed Natasha
  1586 | D:2      | Killed Natasha
  1587 | D:2      | Reached XP level 5. HP: 31/40 MP: 5/12
  1986 | D:2      | Noticed Natasha
  1993 | D:2      | Killed Natasha
  1994 | D:2      | Reached XP level 6. HP: 44/47 MP: 10/14
  2425 | D:3      | Found a faded altar of an unknown god.
  2599 | D:3      | Reached skill level 5 in Dodging
  3362 | D:4      | Identified the +0 pair of gloves "Inikk" {-Tele Str+6 Dex+8
                  | SInv}
  3523 | D:4      | Found a stormy altar of Qazlal.
  3549 | D:4      | Became a worshipper of Qazlal Stormbringer
  3760 | D:5      | Entered Level 5 of the Dungeon
  3836 | D:5      | Reached skill level 7 in Unarmed Combat
  3836 | D:5      | Reached XP level 7. HP: 49/52 MP: 13/15
  4122 | D:5      | Found a staircase to the Ecumenical Temple.
  4169 | D:5      | Noticed Eustachio
  4285 | D:5      | Reached XP level 8. HP: 47/60 MP: 13/16
  4493 | D:5      | Found a radiant altar of Vehumet.
  4584 | D:5      | Found a shimmering altar of Xom.
  4584 | D:5      | Found an iron altar of Okawaru.
  4626 | D:5      | Killed Eustachio
  4626 | D:5      | Reached * piety under Qazlal
  4928 | D:5      | Found a runed translucent door.
  4929 | D:5      | Noticed Crazy Yiuf
  5148 | D:5      | Killed Crazy Yiuf
  5558 | D:6      | Reached skill level 5 in Transmutations
  6044 | D:6      | Noticed Sigmund
  6053 | D:6      | Killed Sigmund
  6054 | D:6      | Reached XP level 9. HP: 67/67 MP: 15/18
  7029 | D:7      | Reached skill level 5 in Fighting
  7610 | D:7      | Reached skill level 8 in Unarmed Combat
  7624 | D:7      | You fall into a shaft and drop 2 floors!
  7687 | D:9      | Reached ** piety under Qazlal
  7688 | D:9      | Reached skill level 5 in Invocations
  7730 | D:9      | Found an opulent altar of Gozag.
  8316 | D:8      | Noticed a death yak
  8316 | D:8      | Noticed a death yak
  8316 | D:8      | Noticed a death yak
  8340 | D:8      | Reached skill level 5 in Short Blades
  8340 | D:8      | Reached skill level 5 in Long Blades
  8340 | D:8      | Reached skill level 5 in Axes
  8340 | D:8      | Reached skill level 5 in Maces & Flails
  8340 | D:8      | Reached skill level 5 in Polearms
  8340 | D:8      | Reached skill level 5 in Staves
  8340 | D:8      | Reached skill level 5 in Ranged Weapons
  8340 | D:8      | Reached skill level 5 in Throwing
  8340 | D:8      | Reached skill level 5 in Armour
  8340 | D:8      | Reached skill level 5 in Stealth
  8340 | D:8      | Reached skill level 5 in Shields
  8340 | D:8      | Reached skill level 5 in Evocations
  8340 | D:8      | Reached XP level 10. HP: 62/76 MP: 17/20
  8445 | D:8      | Noticed Psyche
  8456 | D:8      | Noticed a death yak
  8458 | D:8      | Killed Psyche
  8460 | D:8      | Noticed a death yak
  8464 | D:8      | Found a staircase to the Lair.
  8505 | D:8      | Found a flagged portal.
  8518 | Bailey   | Entered a bailey
  8600 | Bailey   | Noticed a gargoyle
  8627 | Bailey   | Killed a gargoyle
  8826 | Bailey   | Reached *** piety under Qazlal
  9188 | Bailey   | Mangled by a vampire

Illustrated notes

Levels and vault maps discovered:
D:1:      minmay_arrival_diagonal_passages, layout_loops_corners
D:2:      layout_loops_cross, serial_shops, nicolae_shop_overgrown_old_shop,
          shop, shop, nicolae_shop_competitors_out_of_business, uniq_natasha,
          uniq_robin
D:3:      layout_loops_ring, shapermc_ecumenical_altar_gd,
          nicolae_kite_square_tiling_tiny, chequers_hall_statues_corner_a,
          minmay_box_of_dots
D:4:      layout_rooms, mainiacjoe_overflow_small_starburst
D:5:      layout_loops_cross, amcnicky_altar_gilded,
          gammafunk_temple_overflow_wave, minmay_temple_entry_tees,
          feat_on_display, uniq_eustachio, uniq_crazy_yiuf_cottage
D:6:      layout_gridville, uniq_sigmund
D:7:      layout_basic, uniq_joseph
D:8:      layout_layer_cave, dpeg_lair_monsters, enter_bailey_5, st_stairs_12,
          hangedman_abyss_or_decor_stagger, uniq_psyche
D:9:      layout_gridville, mainiacjoe_overflow_paths,
          mainiacjoe_overflow_two_lobes
Bailey:   bailey_polearm_vampire_castle_hellmonk, bailey

Skill      XL: |  1  2  3  4  5  6  7  8  9 10 |
---------------+-------------------------------+-----
Spellcasting   | 5 6 7 |  7.5
Invocations    | 1 2 3 4 5 6 |  6.0
Short Blades   | 1 2 3 4 5 |  5.5
Long Blades    | 1 2 3 4 5 |  5.5
Axes           | 1 2 3 4 5 |  5.5
Maces & Flails | 1 2 3 4 5 |  5.5
Polearms       | 1 2 3 4 5 |  5.5
Staves         | 1 2 3 4 5 |  5.5
Ranged Weapons | 1 2 3 4 5 |  5.5
Throwing       | 1 2 3 4 5 |  5.5
Armour         | 1 2 3 4 5 |  5.5
Stealth        | 1 2 3 4 5 |  5.5
Shields        | 1 2 3 4 5 |  5.5
Evocations     | 1 2 3 4 5 |  5.5
Conjurations   | 1 2 3 4 |  4.5
Hexes          | 1 2 3 4 |  4.5
Summonings     | 1 2 3 4 |  4.5
Necromancy     | 1 2 3 4 |  4.5
Translocations | 1 2 3 4 |  4.5
Fire Magic     | 1 2 3 4 |  4.5
Ice Magic      | 1 2 3 4 |  4.5
Air Magic      | 1 2 3 4 |  4.5
Earth Magic    | 1 2 3 4 |  4.5
Poison Magic   | 1 2 3 4 |  4.5
Fighting       | 3 4 5 6 |  6.1
Transmutations | 4 5 6 |  6.0
Dodging        | 5 6 7 |  7.2
Unarmed Combat | 7 8 |  8.6

Action                   |  1- 3 |  4- 6 |  7- 9 | 10-12 || total
-------------------------+-------+-------+-------+-------++-------
Melee: Unarmed           |    62 |   118 |   267 |   174 ||   621
       Kick              |    15 |     4 |       |       ||    19
       Headbutt          |     6 |     3 |       |       ||     9
       Bite              |     3 |     1 |     1 |       ||     5
       Mace              |    18 |    23 |       |       ||    41
       Falchion          |       |       |     3 |       ||     3
 Cast: Beastly Appendage |    25 |     8 |       |       ||    33
       Spider Form       |     1 |    26 |    36 |    10 ||    73
       Wereblood         |       |     1 |     7 |     3 ||    11
Evoke: Wand              |       |       |       |     1 ||     1
  Use: Scroll            |       |       |     7 |     1 ||     8
 Stab: Distracted        |     1 |       |       |       ||     1
       Sleeping          |       |     2 |     1 |       ||     3
Armor: Robe              |    11 |     5 |     1 |     1 ||    18
       Skin              |     1 |     5 |    12 |     8 ||    26
Dodge: Dodged            |    57 |   103 |   241 |   248 ||   649
Block: Other             |       |       |    11 |    39 ||    50

Table legend: (Time is in decaauts)
 A = Elapsed time spent in this place.
 B = Non-inter-level travel time spent in this place.
 C = Inter-level travel time spent in this place.
 D = Time resting spent in this place.
 E = Time spent auto-exploring this place.
 F = Levels seen in this place.
 G = Mean time per level.
                   A        B        C        D        E       F      G
               +--------+--------+--------+--------+--------+-----+--------+
         Total |   9120 |   8344 |    776 |   1445 |   4625 |  10 |  912.0 |
       Dungeon |   8473 |   7697 |    776 |   1117 |   4602 |   9 |  941.4 |
        Bailey |    647 |    647 |      0 |    328 |     23 |   1 |  647.0 |
               +--------+--------+--------+--------+--------+-----+--------+

Top non-repeatable levels by time:
     D:5: 1451 daAuts
     D:2: 1312 daAuts
     D:6: 1187 daAuts
     D:1: 1172 daAuts
     D:3: 1122 daAuts
     D:7: 694 daAuts
     D:9: 683 daAuts
     D:4: 652 daAuts
  Bailey: 647 daAuts
     D:8: 197 daAuts
